AoeStats
← PäriS

Fortress

509600748Analyzed
2v2 RM · 5d ago on Sep 27, 2026· 31m 18s· 4 players
Game mode
Random Map
Map size
Normal (6 player)
Population
200
Speed
Normal
Resources
Standard
Victory
Conquest
Starting age
Dark Age
Ending age
Imperial Age
RankedLock teamsTeams togetherTeam positionsShared explorationLock speedFull tech treeHidden civsTurbo modeCheats
Victory
Defeat
🇷🇺 Turks · Russia
735
+5
🇩🇪 Chinese · Germany
652
+7
🇪🇸 Romans · Spain
471
-7
🇺🇸 Sicilians · United States
415
-5
Classified2045
8:57 Feudal Age
12:24 Double-Bit Axe
14:44 Castle Age
14:35 Horse Collar
15:57 First Crusade
21:36 Elite Skirmisher
22:13 Fletching
22:23 Padded Archer Armor
26:25 Leather Archer Armor
26:06 Bodkin Arrow
27:24 Squires
27:10 Gambesons
DuplexPeak9929
2:28 Loom
8:08 Feudal Age
11:07 Scale Barding Armor
11:14 Forging
10:52 Horse Collar
10:59 Double-Bit Axe
11:10 Gold Mining
15:34 Castle Age
16:50 Wheelbarrow
16:01 Town Watch
18:04 Gold Shaft Mining
17:31 Heavy Plow
17:44 Bow Saw
19:14 Chain Barding Armor
18:55 Scale Mail Armor
23:11 Hand Cart
22:58 Town Patrol
24:22 Stone Mining
28:23 Ballistas
32:19 Imperial Age
30:31 Iron Casting
30:11 Chain Mail Armor
PäriS
10:15 Feudal Age
9:16 Loom
11:06 Double-Bit Axe
13:40 Wheelbarrow
12:50 Loom
13:24 Horse Collar
13:39 Stone Mining
16:06 Fletching
16:17 Padded Archer Armor
16:37 Bloodlines
21:08 Castle Age
20:10 Gold Mining
22:33 Thumb Ring
21:49 Crossbowman
22:28 Bodkin Arrow
24:09 Husbandry
24:18 Scale Barding Armor
25:01 Hand Cart
25:02 Heavy Plow
27:51 Leather Archer Armor
28:43 Gold Shaft Mining
28:32 Bow Saw
30:13 Stone Shaft Mining
Banaan9613
7:46 Feudal Age
8:15 Double-Bit Axe
8:22 Gold Mining
15:45 Castle Age
19:31 Imperial Age
17:46 Forging
17:37 Scale Mail Armor
17:50 Padded Archer Armor
17:51 Fletching
28:32 Horse Collar
30:40 Heavy Plow
31:05 Bodkin Arrow
31:46 Iron Casting
31:27 Leather Archer Armor
Connection lost

Rejoining the realm…

Still unreachable

The connection could not be restored.

Session expired

The server has moved on; the page needs a fresh start.